Map: Dusk Towers

Players

Tireless - Winner!

  • Race: Zerg Zerg
  • League: Platinum

Cryptz

  • Race: Protoss Protoss
  • League: Diamond

VOD

Have the link to the VOD?

Description

Time

  • Played on: Feb. 10, 2016, 9:14 p.m.
  • Length: 8:43
Show
View Real Time Build Order
Export as new Build Order

Tireless Zerg - Winner!

Build Orders: Pool First, Roach Nydus 

Get SALT Encoding   

  12  0:03  Drone  
  13  0:12  Overlord  
  13  0:18  Drone  
  14  0:30  Drone x2  
  16  0:36  Drone  
  17  0:45  Spawning Pool  
  17  0:48  Drone  
  17  0:57  Drone  
  18  1:08  Drone  
  19  1:18  Drone  
  19  1:23  Extractor  
  19  1:24  Extractor  
  18  1:29  Overlord  
  18  1:32  Queen  
  21  1:40  Zergling x2  
  21  1:52  Drone  
  21  1:53  Roach Warren  
  21  2:01  Drone  
  21  2:08  Lair  
  22  2:12  Drone  
  24  2:22  Drone  
  24  2:33  Drone  
  25  2:40  Overlord, Drone  
  25  2:41  Overlord  
  26  2:46  Roach  
  28  3:05  Queen  
  28  3:06  Nydus Network  
  28  3:09  Roach x2  
  33  3:16  Roach x2  
  37  3:20  Roach  
  37  3:23  Roach  
  41  3:30  Roach  
  43  3:40  Overlord  
  43  3:47  Queen  
  45  3:54  Nydus Canal  
  45  3:59  Roach  
  47  4:12  Overlord x2  
  47  4:33  Roach x2, Queen  
  47  4:35  Roach  
  54  4:47  Roach  
  56  4:55  Roach  
  56  5:05  Roach  
  56  5:06  Roach  
  60  5:08  Nydus Canal  
  60  5:12  Roach  
  58  5:21  Roach  
  58  5:25  Roach  
  60  5:33  Roach  
  58  5:42  Roach  
  58  5:51  Overlord  
  58  5:53  Queen  
  54  6:03  Roach  
  54  6:13  Overlord  
  54  6:27  Hatchery  
  54  6:29  Roach  
  55  6:45  Roach x2  
  59  6:47  Queen  
  61  7:03  Roach  
  63  7:16  Roach  
  63  7:17  Roach  
  67  7:36  Hatchery  
  62  7:38  Roach x2  
  66  7:47  Spine Crawler  
  66  7:48  Spine Crawler  
  66  7:49  Roach  
  60  8:05  Roach  
  58  8:11  Roach  
Show
View Real Time Build Order
Export as new Build Order

Cryptz Protoss 

Build Orders: 1 Gate Expand 

Get SALT Encoding   

  12  0:01  Probe (Chrono Boost)  
  13  0:11  Probe (Chrono Boost)  
  14  0:18  Pylon  
  14  0:22  Probe (Chrono Boost)  
  15  0:36  Probe (Chrono Boost)  
  16  0:46  Gateway  
  16  0:47  Probe (Chrono Boost)  
  17  0:52  Assimilator  
  17  0:57  Probe (Chrono Boost)  
  18  1:18  Nexus  
  18  1:23  Probe (Chrono Boost)  
  19  1:34  Cybernetics Core  
  19  1:38  Zealot  
  21  1:50  Pylon  
  21  1:54  Probe (Chrono Boost)  
  22  2:04  Probe (Chrono Boost)  
  23  2:10  Adept  
  23  2:13  Warp Gate (Chrono Boost)  
  23  2:15  Probe  
  26  2:20  Gateway  
  26  2:27  Probe, Assimilator  
  26  2:29  Probe  
  28  2:39  Adept  
  28  2:42  Probe  
  28  2:43  Probe  
  32  2:53  Probe  
  32  2:54  Probe  
  34  3:07  Mothership Core  
  34  3:08  Gateway  
  36  3:15  Stalker  
  36  3:18  Probe  
  39  3:28  Probe  
  39  3:29  Probe  
  41  3:39  Probe  
  41  3:40  Probe  
  43  3:50  Probe  
  43  3:52  Probe  
  45  4:00  Probe  
  46  4:05  Probe  
  45  4:28  Stalker  
  45  4:32  Pylon  
  45  4:34  Pylon  
  41  4:47  Stalker x2  
  45  4:56  Stalker  
  45  5:12  Stalker  
  47  5:19  Stalker  
  47  5:25  Pylon  
  47  5:27  Pylon  
  45  5:44  Stalker  
  43  6:05  Pylon  
  43  6:11  Forge, Gateway  
  39  6:13  Gateway  
  39  6:15  Assimilator  
  39  6:16  Gateway  
  39  6:18  Pylon  
  39  6:20  Pylon  
  39  6:21  Nexus  
  39  6:22  Pylon, Probe  
  39  6:25  Pylon  
  39  6:27  Pylon  
  38  6:32  Probe  
  38  6:34  Pylon  
  38  6:36  Pylon  
  38  6:43  Probe  
  37  6:51  Photon Cannon  
  37  6:53  Probe  
  33  6:55  Photon Cannon  
  33  6:57  Photon Cannon  
  30  7:01  Cybernetics Core  
  30  7:04  Probe  
  29  7:33  Photon Cannon  
  29  7:35  Mothership Core  
  29  7:36  Photon Cannon  
Tags
 
Add a new tag
Caveats
  • Supply blocks, unpowered buildings, or Contaminate may cause inaccurate times.
  • Supply counts are checked every 10 seconds.